 Dungeon Crawl Stone Soup version 0.17-a0-1368-g6ab37f2 (webtiles) character file.

258 Geomchi the Insei (level 5, -1/41 HPs)
             Began as a Demonspawn Monk on June 12, 2015.
             Slain by Menkaure (13 damage)
             ... on level 4 of the Dungeon.
             The game lasted 00:05:19 (4645 turns).

Geomchi the Insei (Demonspawn Monk)                 Turns: 4645, Time: 00:05:19

Health: -1/41      AC:  5    Str: 11    XL:     5   Next: 94%
Magic:  14/14      EV: 11    Int: 11    God:
Gold:   241        SH:  0    Dex: 17    Spells: 0 memorised, 4 levels left

rFire  . . .     SeeInvis .       - Unarmed
rCold  . . .     Clarity  .     o - +0 ring mail
rNeg   . . .     SustAt   .     (no shield)
rPois  .         Gourm    .     (no helmet)
rElec  .         Spirit   .     (no cloak)
rCorr  .         Warding  .     (no gloves)
rMut   .         Stasis   .     (no boots)
MR     .....                    (no amulet)
Stlth  +.........               (no ring)
                                l - ring of magical power

@: not resistant to hostile enchantments, very unstealthy
A: claws 1, demonic guardian 1
a: no special abilities


You were on level 4 of the Dungeon.
You were hungry.

You visited 1 branch of the dungeon, and saw 4 of its levels.

You collected 241 gold pieces.

Inventory:

Armour
 a - a +0 robe
 k - a +0 shield
 o - a +0 ring mail (worn)
Jewellery
 l - a ring of magical power (left claw)
Magical devices
 p - a wand of slowing (18)
Scrolls
 d - 4 scrolls of identify {unknown}
 f - 5 scrolls of teleportation {unknown}
 g - 2 scrolls of enchant weapon {unknown}
 h - a scroll of blinking {unknown}
 j - a scroll of remove curse {unknown}
 m - 3 scrolls of amnesia {unknown}
Potions
 c - a potion of mutation {unknown}
 i - a potion of heal wounds {unknown}
 q - a potion of invisibility {unknown}
Comestibles
 b - 4 bread rations {@e1}
 n - 2 meat rations {@e2}


   Skills:
 - Level 3.0 Fighting
 - Level 2.6 Dodging
 - Level 1.7 Stealth
 + Level 6.6 Unarmed Combat


You had 4 spell levels left.
You didn't know any spells.

Dungeon Overview and Level Annotations

Branches:
Dungeon (4/15)
 Temple: D:4-7

Altars:
Fedhas

Annotations:
D:4 Menkaure


Innate Abilities, Weirdness & Mutations

You have sharp fingernails.
A weak demonic guardian rushes to your aid.


Message History

You scratch Menkaure. Menkaure hits you but does no damage.
You completely miss Menkaure.
Menkaure calls on the powers of darkness!
The rat convulses!
Your body is wracked with pain!
You take 19 damage, and have 22/41 hp.
MASSIVE DAMAGE!!
You scratch Menkaure. Menkaure barely misses you. Menkaure hits you!!
* * * LOW HITPOINT WARNING * * *
You take 20 damage, and have 2/41 hp.
MASSIVE DAMAGE!!
Drink which item? (? for menu, Esc to quit)
It was a potion of curing.
You feel better. The rat closely misses you. Menkaure misses you.
You regained 6 hp, and now have 8/41 hp.
Drink which item? (? for menu, Esc to quit)
You feel better. The rat bites you.
* * * LOW HITPOINT WARNING * * *
Menkaure barely misses you.
You regained 4 hp, and now have 12/41 hp.
You scratch Menkaure but do no damage. The rat closely misses you.
Menkaure hits you!
You die...

#........###.......
##.####..##............
#. #................<.
#..♣♣♣...♣♣♣.......
#.♣# #♣.♣# ..... .##.♣
♣.♣ .... .##)♣ #♣.♣
♣5.####
#.##..♣♣♣.♣.♣♣♣......#
.. #.....♣♣♣.5@M.....#
.# #..♣♣♣.♣.♣♣♣r..!..#
##.# #.♣# #♣.♣# ♣..####
...###.♣ ♣.♣ ..#
.....#.♣ ♣.♣ ##
.###....♣ ... .# ...
... .# # ..... ## #####


You could see Menkaure, a rat and 2 friendly ufetubi.

Vanquished Creatures
  The ghost of Geomchi the Insei, an average OpMo (D:3)
  A hound (D:3)
  An orc priest (D:3)
  An orc wizard (D:3)
  2 adders (D:3)
  An ooze (D:1)
  2 worms (D:3)
  8 orcs
  A bat skeleton (D:3)
  5 giant cockroaches
  9 hobgoblins
  7 jackals (D:2)
  4 quokkas
  A ball python (D:3)
  6 bats
  3 giant newts (D:2)
  5 goblins (D:3)
  14 kobolds
  3 rats (D:2)
75 creatures vanquished.

Vanquished Creatures (collateral kills)
  An orc (D:3)
1 creature vanquished.

Grand Total: 76 creatures vanquished

Notes
Turn   | Place    | Note
--------------------------------------------------------------
     0 | D:1      | Geomchi the Demonspawn Monk began the quest for the Orb.
     0 | D:1      | Reached XP level 1. HP: 18/18 MP: 1/1
   370 | D:1      | Reached skill level 4 in Unarmed Combat
   406 | D:1      | Gained mutation: A weak demonic guardian rushes to your aid. [demonic ancestry]
   406 | D:1      | Reached XP level 2. HP: 24/24 MP: 2/2
  1228 | D:2      | Reached XP level 3. HP: 26/29 MP: 3/3
  1426 | D:2      | You fall through a shaft for 2 floors!
  1503 | D:3      | Reached skill level 5 in Unarmed Combat
  1563 | D:3      | Noticed Geomchi's ghost (average OpMo)
  1572 | D:3      | Killed Geomchi's ghost
  1572 | D:3      | Gained mutation: You have sharp fingernails. [demonic ancestry]
  1572 | D:3      | Reached XP level 4. HP: 10/35 MP: 4/4
  1986 | D:2      | Reached XP level 5. HP: 41/41 MP: 5/5
  2612 | D:3      | Found a faded altar to an unknown god.
  2625 | D:3      | Reached skill level 6 in Unarmed Combat
  3792 | D:3      | Found a blossoming altar of Fedhas.
  4636 | D:4      | Noticed Menkaure
  4642 | D:4      | HP: 2/41 [Menkaure (20)]
  4645 | D:4      | Slain by Menkaure

Vault maps used:
D:1:      eino_arrival_water_star
D:2:      minmay_misc_feat_chi
D:3:      ecumenical_altar_2, lemuel_tele_altar
D:4:      first_bread, minmay_stone_trees_medium, uniq_menkaure

Action                   |  1- 3 |  4- 6 || total
-------------------------+-------+-------++-------
Melee: Unarmed           |   109 |   125 ||   234
  Use: Potion            |       |     2 ||     2
 Stab: Sleeping          |     8 |     7 ||    15
  Eat: Chunk             |     2 |     9 ||    11
